 Dungeon Crawl Stone Soup version 0.21.0-3-g78d12a8 (webtiles) character file.

163 Suckerboh the Cudgeler (level 5, 0/31 HPs)
             Began as a Gargoyle Gladiator on Jan 11, 2018.
             Slain by Natasha (7 damage)
             ... on level 3 of the Dungeon.
             The game lasted 00:02:33 (2043 turns).

Suckerboh the Cudgeler (Gargoyle Gladiator)         Turns: 2043, Time: 00:02:33

Health: 0/31       AC:  8    Str: 17    XL:     5   Next: 44%
Magic:  5/5        EV: 12    Int:  9    God:
Gold:   61         SH:  0    Dex: 12    Spells: 4/4 levels left

rFire    . . .     SeeInvis .   a - +0 flail
rCold    . . .     Gourm    .   (no shield)
rNeg     + . .     Faith    .   b - +0 leather armour
rPois    ∞         Spirit   .   c - +0 helmet
rElec    +         Reflect  .   (no cloak)
rCorr    .         Harm     .   (no gloves)
MR       .....                  (no boots)
Stlth    +.........             k - amulet of inaccuracy (curse)
HPRegen  0.10/turn              (no ring)
MPRegen  0.09/turn              (no ring)

@: no status effects
A: negative energy resistance 1, electricity resistance, unbreathing,
petrification resistance, rot immunity, AC +4
a: no special abilities


You were on level 3 of the Dungeon.
You were not hungry.

You visited 1 branch of the dungeon, and saw 3 of its levels.

You collected 61 gold pieces.

Inventory:

Hand Weapons
 a - a +0 flail (weapon)
Missiles
 d - 3 throwing nets (quivered)
Armour
 b - a +0 leather armour (worn)
 c - a +0 helmet (worn)
Jewellery
 k - a cursed amulet of inaccuracy (around neck)
 o - an uncursed ring of ice
Scrolls
 g - a scroll of enchant weapon {unknown}
 h - a scroll of identify {unknown}
 m - 2 scrolls of amnesia {unknown}
Potions
 e - 2 potions of haste {unknown}
 i - a potion of magic {unknown}
 j - a potion of heal wounds {unknown}
 n - a potion of agility {unknown}
Comestibles
 f - 5 rations


   Skills:
 + Level 2.6 Fighting
 * Level 4.9 Maces & Flails
 - Level 1.7 Throwing
 + Level 1.7 Armour
 + Level 3.1 Dodging


You had 4 spell levels left.
You didn't know any spells.

Dungeon Overview and Level Annotations

Branches:
Dungeon (3/15)

Altars:

Annotations:
D:3 Natasha


Innate Abilities, Weirdness & Mutations

You are resistant to torment.
Your stone body is resilient. (AC +4)
You are immune to poison.
You resist negative energy. (rN+)
You are resistant to electric shocks. (rElec)
You can survive without breathing.
You are immune to petrification.
You are immune to rotting.


Message History

You closely miss Natasha.
Natasha is severely wounded.
Natasha closely misses you.
You miss Natasha.
Natasha is severely wounded.
Natasha claws you.
* * * LOW HITPOINT WARNING * * *
You hit Natasha but do no damage.
Natasha is severely wounded.
Natasha misses you.
You barely miss Natasha.
Natasha is severely wounded.
Natasha misses you.
You miss Natasha.
Natasha is severely wounded.
Natasha claws you but does no damage.
You closely miss Natasha.
Natasha is severely wounded.
Natasha claws you!
You die...

....#..........#
#<..
........##.##.##
####
....###.##.#....
.. #.(#.#..###
##.#.#..#
#...#..#
##..#..# #..# ..
#.@# ##.h......
#..#.###. !...
.# ..... #
#...... #......#
#......#


You could see Natasha.

Vanquished Creatures
  A centaur (D:2)
  A hound (D:2)
  An adder (D:2)
  2 oozes (D:2)
  A dart slug (D:1)
  3 leopard geckos (D:1)
  2 giant cockroaches (D:2)
  5 goblins
  A hobgoblin (D:1)
  A ball python (D:1)
  10 bats
  2 frilled lizards (D:2)
  7 kobolds
  2 rats (D:1)
39 creatures vanquished.

Notes
Turn   | Place    | Note
-------+----------+-------------------------------------------
     0 | D:1      | Suckerboh the Gargoyle Gladiator began the quest for the Orb.
     0 | D:1      | Reached XP level 1. HP: 12/12 MP: 1/1
   158 | D:1      | Reached XP level 2. HP: 13/17 MP: 2/2
   924 | D:2      | Reached XP level 3. HP: 21/21 MP: 3/3
  1359 | D:2      | Noticed a centaur
  1370 | D:2      | Killed a centaur
  1370 | D:2      | Reached skill level 4 in Maces & Flails
  1370 | D:2      | Reached skill level 1 in Armour
  1370 | D:2      | Reached XP level 4. HP: 8/27 MP: 4/4
  1370 | D:2      | Reached XP level 5. HP: 9/31 MP: 5/5
  2028 | D:3      | Noticed Natasha
  2043 | D:3      | Slain by Natasha

Skill      XL: |  1  2  3 |
---------------+----------+-----
Maces & Flails | 4 |  4.9
Armour         | 1 |  1.7
Dodging        | 3 |  3.1
Fighting       | |  2.6
Throwing       | |  1.7

Action                   |  1- 3 |  4- 6 || total
-------------------------+-------+-------++-------
Melee: Flail             |   146 |    47 ||   193
  Eat: Chunk             |     2 |     2 ||     4
Armor: Leather armour    |    81 |    29 ||   110
Dodge: Dodged            |   114 |    44 ||   158
